 Dungeon Crawl Stone Soup version 0.28-a0-674-gdaf460b524 (webtiles) character file.

Game seed: 12634218410888364565

114 blank1 the Skirmisher (level 4, 0/41 HPs)
             Began as a Minotaur Fighter on Oct 17, 2021.
             Succumbed to an adder's poison
             ... on level 2 of the Dungeon.
             The game lasted 00:02:34 (901 turns).

blank1 the Skirmisher (Minotaur Fighter)             Turns: 901, Time: 00:02:35

Health: 0/41       AC:  7    Str: 22    XL:     4   Next: 67%
Magic:  3/3        EV: 10    Int:  5    God:
Gold:   44         SH:  4    Dex:  9    Spells: 3/3 levels left

rFire   . . .      SeeInvis .   a - +0 flail
rCold   . . .      Faith    .   c - +0 buckler
rNeg    . . .      Spirit   .   b - +0 scale mail
rPois   .          Reflect  .   (helmet restricted)
rElec   .          Harm     .   (no cloak)
rCorr   .          Rampage  .   (no gloves)
Will    .....                   (no boots)
Stlth   ..........              (no amulet)
HPRegen 0.13/turn               (no ring)
MPRegen 0.08/turn               (no ring)

@: lethally poisoned (0 -> -3), on berserk cooldown, slowed, very slow
A: horns 2, retaliatory headbutt
a: no special abilities


You were on level 2 of the Dungeon.
You visited 1 branch of the dungeon, and saw 2 of its levels.

You collected 44 gold pieces.

Inventory:

Hand Weapons
 a - a +0 flail (weapon)
Armour
 b - a +0 scale mail (worn)
 c - a +0 buckler (worn)
Potions
 d - a potion of might
 f - a potion of ambrosia {unknown}


   Skills:
 + Level 4.7 Fighting
 - Level 4.0 Maces & Flails
 - Level 4.0 Armour
 + Level 1.9 Dodging
 - Level 4.0 Shields


You had 3 spell levels left.
You didn't know any spells.
Your spell library contained the following spells:

 Spells                   Type           Power      Damage    Failure   Level
 Magic Dart               Conj           0%         1d3       80%         1
 Searing Ray              Conj           0%         2d4       90%         2
 Fulminant Prism          Conj/Hex       0%         3d6       100%        4


Dungeon Overview and Level Annotations

Branches:
Dungeon (2/15)

Altars:

Shops:
D:1 !?((!


Innate Abilities, Weirdness & Mutations

You have a pair of horns on your head.
You reflexively headbutt those who attack you in melee.


Message History

The adder poisons you!
The scorpion stings you but does no damage.
You closely miss the scorpion. Your headbutt misses the scorpion.
The scorpion is almost dead.
You feel sick. The adder bites you but does no damage.
The scorpion stings you but does no damage.
The adder bites you.
* * * LOW HITPOINT WARNING * * *
You are more poisoned.
The adder poisons you!
It was a potion of berserk rage.
A red film seems to cover your vision as you go berserk!
You feel yourself moving faster!
You feel mighty!
* * * LOW HITPOINT WARNING * * *
You feel sick. The scorpion barely misses you. You block the adder's attack.
Unknown command.
You are too berserk!
You thump the scorpion!
You kill the scorpion!
* * * LOW HITPOINT WARNING * * *
You feel sick. The adder barely misses you. You furiously retaliate!
You headbutt the adder!
You kill the adder!
Your Dodging skill increases to level 1!
You have reached level 4!
You feel stronger.
You are too berserk!
You are too berserk!
* * * LOW HITPOINT WARNING * * *
You feel sick.
You see here a scorpion corpse.
You are too berserk!
You are too berserk!
You feel a strong urge to attack something.
* * * LOW HITPOINT WARNING * * *
You feel sick.
You feel your anger nearly subside.
You are no longer berserk.
You are exhausted.
You feel yourself slow down.
You die...

#. #. #. #. ## #.
###..# #. ##.... #.
##..# # #. ##.@# .
## #. #..#.....#.#..
..##.
#.#######..#.....##.
#.#.....#..#.#...##.
#.#...(.#..#.#...##.
#.#.....#..#.#...##.
#.#.†..^#.#..#...##.
#.#.....##..###.###.
#.'######........##.


There were no monsters in sight!

Vanquished Creatures
  A scorpion (D:2)
  2 adders (D:2)
  2 orcs (D:2)
  6 endoplasms
  5 goblins
  6 hobgoblins
  2 quokkas
  3 ball pythons
  5 bats (D:1)
  2 frilled lizards (D:1)
  A kobold (D:1)
  2 rats
37 creatures vanquished.

Notes
Turn   | Place    | Note
-------+----------+-------------------------------------------
     0 | D:1      | blank1 the Minotaur Fighter began the quest for the Orb.
     0 | D:1      | Reached XP level 1. HP: 19/19 MP: 0/0
    84 | D:1      | Found Bemaiwij's Magic Scroll Boutique.
    91 | D:1      | Reached XP level 2. HP: 27/27 MP: 1/1
   155 | D:1      | Found Ugenkem's Distillery.
   450 | D:1      | Found Femyul's Antique Weapon Emporium.
   455 | D:1      | Found Neit's Distillery.
   484 | D:1      | Found Hucweppo's Weapon Emporium.
   536 | D:1      | Reached XP level 3. HP: 27/33 MP: 2/2
   890 | D:2      | Noticed a scorpion
   897 | D:2      | Killed a scorpion
   898 | D:2      | Reached skill level 1 in Dodging
   898 | D:2      | Reached XP level 4. HP: 4/41 MP: 3/3
   898 | D:2      | HP: 3/61 [poisoned by an adder]
   901 | D:2      | Succumbed to an adder's poison

Illustrated notes

Levels and vault maps discovered:
D:1:      roderic_octagonal_star, layout_basic, serial_shops, shop,
          nicolae_shop_stone, nicolae_shop_behind_doors, shop,
          nicolae_shop_waterfront, chequers_serial_rivers_large_b
D:2:      layout_basic, minmay_3d_cube

Skill      XL: |  1  2  3 |
---------------+----------+-----
Fighting       | 4 |  4.7
Shields        | 4 |  4.0
Armour         | 4 |  4.0
Maces & Flails | 3 4 |  4.0
Dodging        | 1 |  1.9

Action                   |  1- 3 |  4- 6 || total
-------------------------+-------+-------++-------
Melee: Flail             |    68 |       ||    68
       Headbutt          |    10 |       ||    10
  Use: Potion            |     1 |       ||     1
Armor: Scale mail        |    31 |       ||    31
Dodge: Dodged            |    39 |       ||    39
Block: Buckler           |    17 |       ||    17

Table legend: (Time is in decaauts)
 A = Elapsed time spent in this place.
 B = Non-inter-level travel time spent in this place.
 C = Inter-level travel time spent in this place.
 D = Time resting spent in this place.
 E = Time spent auto-exploring this place.
 F = Levels seen in this place.
 G = Mean time per level.
                   A        B        C        D        E       F      G
               +--------+--------+--------+--------+--------+-----+--------+
         Total |    943 |    939 |      4 |      0 |    746 |   2 |  471.5 |
       Dungeon |    943 |    939 |      4 |      0 |    746 |   2 |  471.5 |
               +--------+--------+--------+--------+--------+-----+--------+

Top non-repeatable levels by time:
     D:1: 715 daAuts
     D:2: 227 daAuts
